Map: Simulacrum LE

Players

souL - Winner!

  • Race: Terran Terran
  • Spawn Location: 11:00

cure

  • Race: Terran Terran
  • Spawn Location: 5:00

Event: StayAtHomestory Cup #1

VOD

Have the link to the VOD?

Description

Time

  • Played on: April 11, 2020, 11:37 a.m.
  • Length: 10:48

All games in this series

Show
View Real Time Build Order
Export as new Build Order

souL Terran - Winner!

Build Orders: Gas First Reaper Expand 

Get SALT Encoding   

  12  0:00  SCV  
  13  0:13  SCV  
  14  0:17  Supply Depot  
  14  0:25  SCV  
  14  0:27  Refinery  
  15  0:39  SCV  
  16  0:44  Barracks  
  16  0:52  SCV  
  17  1:04  SCV  
  18  1:16  SCV  
  19  1:31  Reaper  
  19  1:32  Orbital Command  
  20  1:45  Command Center  
  20  1:54  Factory  
  20  1:57  SCV  
  21  2:05  Supply Depot  
  21  2:07  Barracks Reactor  
  21  2:12  SCV  
  22  2:15  Refinery  
  22  2:24  SCV  
  23  2:36  SCV  
  24  2:41  Hellion  
  26  2:44  Starport  
  26  2:49  SCV  
  26  2:54  Marine  
  26  2:55  Marine  
  28  3:01  SCV  
  29  3:06  Factory Tech Lab  
  30  3:13  Orbital Command  
  30  3:15  SCV  
  30  3:16  Marine  
  30  3:17  Marine  
  32  3:22  Starport Tech Lab  
  32  3:29  Cyclone  
  32  3:30  SCV  
  36  3:41  Marine x2  
  36  3:43  SCV  
  36  3:45  SCV  
  40  3:55  SCV  
  40  3:57  SCV  
  40  3:59  Raven, Marine  
  44  4:07  SCV  
  44  4:09  SCV  
  46  4:11  Refinery  
  46  4:15  Supply Depot  
  46  4:22  Supply Depot  
  46  4:34  Command Center  
  46  4:37  SCV x2, Siege Tank  
  51  4:42  Supply Depot  
  51  4:44  Raven  
  53  4:47  Marine  
  53  4:48  Marine  
  53  4:49  SCV x2  
  57  4:54  Supply Depot  
  57  5:01  SCV x2  
  59  5:09  Siege Tank  
  59  5:13  SCV x2  
  64  5:19  Marine x2  
  65  5:25  SCV  
  65  5:28  SCV, Barracks x2  
  65  5:37  SCV, Raven, Marine  
  65  5:40  SCV  
  65  5:41  Siege Tank  
  73  5:42  Marine  
  73  5:43  Supply Depot  
  73  5:44  Refinery  
  73  5:49  Orbital Command  
  74  5:50  SCV  
  74  5:52  SCV  
  74  5:55  Marine  
  77  6:02  SCV  
  78  6:04  SCV  
  78  6:06  Engineering Bay x2  
  79  6:13  Siege Tank  
  79  6:14  SCV  
  79  6:16  SCV  
  80  6:26  Barracks Reactor  
  80  6:28  Starport Reactor  
  80  6:30  SCV x2, Orbital Command  
  80  6:31  Barracks  
  80  6:32  Barracks  
  82  6:36  Terran Infantry Weapons Level 1, Terran Infantry Armor Level 1  
  82  6:39  Marine x3  
  85  6:42  SCV x2  
  87  6:49  Siege Tank  
  90  6:54  SCV x2  
  90  6:56  Marine  
  90  6:57  Marine x2  
  90  6:59  SCV  
  96  7:03  Supply Depot  
  96  7:04  Supply Depot  
  96  7:05  Supply Depot  
  96  7:06  SCV x2  
  98  7:09  Medivac  
  98  7:11  SCV  
  101  7:20  Barracks Reactor x2  
  101  7:24  SCV x3, Medivac, Marine  
  101  7:25  Supply Depot  
  101  7:27  Supply Depot x2  
  101  7:28  Supply Depot  
  107  7:30  Marine  
  107  7:32  Siege Tank  
  107  7:36  SCV, Refinery  
  111  7:37  Refinery  
  111  7:38  SCV  
  111  7:39  SCV  
  111  7:40  Marine x3  
  111  7:42  Marine  
  117  7:47  Marine  
  117  7:48  SCV, Medivac  
  117  7:51  SCV  
  121  7:57  Marine x3  
  121  7:58  Marine x4  
  124  8:00  Marine  
  126  8:05  Marine  
  113  8:15  Marine x3  
  113  8:16  Marine x4  
  113  8:18  Marine  
  112  8:23  Marine  
  112  8:26  Siege Tank  
  116  8:33  Marine  
  116  8:34  Marine x3  
  115  8:36  Marine  
  115  8:37  Marine  
  115  8:41  Marine  
  84  8:51  Marine, Liberator x2  
  84  8:52  Marine x2  
  84  8:54  Marine  
  84  8:55  Marine  
  90  8:59  Marine  
  85  9:09  Marine x3  
  86  9:12  Marine  
  86  9:17  Marine  
  87  9:23  Marine  
  85  9:27  Marine  
  79  9:31  Orbital Command  
  79  9:41  Marine  
  78  9:54  Marine  
  78  9:55  Marine  
  78  9:58  Marine  
  78  9:59  Marine  
  63  10:09  Siege Tank  
  66  10:14  Marine x2  
  66  10:16  Barracks Tech Lab  
  68  10:22  Marine x2  
Show
View Real Time Build Order
Export as new Build Order

cure Terran 

Build Orders:  

Get SALT Encoding   

  12  0:01  SCV  
  13  0:13  SCV  
  14  0:17  Supply Depot  
  14  0:25  SCV  
  15  0:29  Refinery  
  15  0:38  SCV  
  16  0:44  Barracks  
  16  0:50  SCV  
  16  0:56  Refinery  
  17  1:03  SCV  
  18  1:15  SCV  
  19  1:31  Orbital Command  
  19  1:33  Factory  
  19  1:35  Reaper  
  20  1:45  Supply Depot  
  20  1:57  SCV  
  21  2:07  Reaper  
  22  2:09  SCV  
  23  2:17  Hellion  
  23  2:21  SCV  
  26  2:29  Command Center  
  26  2:33  SCV  
  27  2:42  Hellion, Reaper  
  30  2:46  SCV  
  31  2:53  Supply Depot  
  31  3:02  SCV  
  31  3:06  Starport  
  31  3:10  Factory Tech Lab  
  31  3:15  SCV  
  31  3:18  Barracks Tech Lab  
  32  3:27  SCV  
  32  3:30  Cyclone  
  36  3:39  SCV  
  36  3:40  Refinery  
  37  3:42  Orbital Command  
  37  3:51  SCV, Barracks Reactor  
  38  3:55  Raven  
  40  4:03  SCV  
  40  4:09  SCV  
  39  4:10  Cyclone  
  39  4:15  SCV  
  43  4:21  SCV, Command Center  
  44  4:28  Marine x2  
  44  4:31  SCV  
  47  4:35  Supply Depot  
  47  4:38  Raven  
  47  4:42  SCV  
  47  4:43  SCV  
  51  4:45  Marine  
  51  4:46  Marine  
  52  4:56  Siege Tank  
  52  4:58  SCV x2  
  52  4:59  Supply Depot  
  57  5:03  Refinery, Marine x2  
  59  5:10  SCV x2  
  61  5:22  SCV x2, Marine  
  61  5:23  Raven  
  61  5:24  Marine  
  67  5:34  SCV x2  
  70  5:35  Siege Tank  
  70  5:40  Orbital Command  
  70  5:42  Barracks x2  
  70  5:44  Marine x2  
  70  5:47  SCV x2  
  74  5:53  Engineering Bay  
  74  5:57  Engineering Bay  
  74  6:00  SCV x2  
  76  6:04  Orbital Command  
  76  6:12  SCV  
  76  6:13  SCV  
  76  6:18  Viking x2, Marine  
  78  6:19  Stimpack  
  78  6:22  Siege Tank  
  84  6:28  SCV  
  84  6:30  Supply Depot  
  84  6:32  SCV x2  
  87  6:35  Supply Depot  
  88  6:40  SCV  
  88  6:42  Barracks Reactor, Marine  
  88  6:43  Barracks Reactor  
  88  6:44  SCV x2, Terran Infantry Weapons Level 1  
  88  6:45  Terran Infantry Armor Level 1  
  91  6:50  Viking  
  91  6:52  Viking  
  95  6:58  SCV x3  
  95  7:00  Marine  
  99  7:02  Siege Tank  
  102  7:10  SCV x3  
  102  7:13  Supply Depot x3  
  105  7:17  Marine  
  105  7:19  Marine x3  
  109  7:34  SCV x3, Medivac x2, Marine  
  109  7:36  Barracks  
  117  7:38  Barracks  
  117  7:46  SCV x3  
  117  7:49  Marine x4  
  124  7:52  Marine, Siege Tank  
  124  7:54  Armory  
  124  7:56  Supply Depot  
  128  7:58  SCV x3  
  128  7:59  Supply Depot  
  131  8:07  Marine  
  132  8:14  Marine  
  132  8:18  Marine x3  
  138  8:22  Viking x2  
  138  8:25  Marine  
  133  8:29  Marine x2  
  133  8:31  Marine  
  139  8:36  Marine  
  139  8:37  Marine  
  132  8:43  Marine  
  132  8:47  Marine x2  
  130  8:53  Marine  
  121  8:55  Marine  
  121  9:01  Marine  
  116  9:05  Marine  
  80  9:40  Barracks  
  80  9:41  Barracks  
  80  9:43  Barracks  
  80  9:44  Barracks  
  50  9:59  SCV  
  30  10:00  SCV  
  30  10:06  Barracks  
  30  10:11  SCV  
  30  10:12  SCV  
  32  10:16  Barracks  
  32  10:24  SCV x2  
Tags
 
Add a new tag
Caveats
  • Supply blocks, unpowered buildings, or Contaminate may cause inaccurate times.
  • Supply counts are checked every 10 seconds.